 Dungeon Crawl Stone Soup version 0.26-a0-652-gafc20e3620 (webtiles) character file.

Game seed: 4165560048882923836

39 Kraken2834 the Chopper (level 3, -1/34 HPs)
             Began as a Hill Orc Monk on Oct 2, 2020.
             Slain by Sigmund
             ... wielding a +0 scythe
              (12 damage)
             ... on level 2 of the Dungeon.
             The game lasted 00:02:38 (1304 turns).

Kraken2834 the Chopper (Hill Orc Monk)              Turns: 1304, Time: 00:02:39

Health: -1/34      AC:  8    Str: 14    XL:     3   Next: 45%
Magic:  3/3        EV: 21    Int: 10    God:
Gold:   48         SH:  0    Dex: 13    Spells: 2/2 levels left

rFire    . . .     SeeInvis .   a - +0 hand axe
rCold    . . .     Faith    .   (no shield)
rNeg     . . .     Spirit   .   d - +0 chain mail
rPois    .         Reflect  .   (no helmet)
rElec    .         Harm     .   (no cloak)
rCorr    .         Rampage  .   (no gloves)
MR       .....                  (no boots)
Stlth    ..........             h - amulet of the acrobat
HPRegen  0.11/turn              (no ring)
MPRegen  0.08/turn              (no ring)

@: confused, acrobat
A: no striking features
a: no special abilities


You were on level 2 of the Dungeon.
You visited 1 branch of the dungeon, and saw 2 of its levels.

You collected 48 gold pieces.

Inventory:

Hand Weapons
 a - a +0 hand axe (weapon)
Armour
 d - a +0 chain mail (worn)
Jewellery
 h - an amulet of the acrobat (around neck)
Scrolls
 c - 3 scrolls of identify {unknown}
 e - a scroll of enchant armour {unknown}
 f - a scroll of teleportation {unknown}
 j - a scroll of enchant weapon {unknown}
Potions
 b - a potion of brilliance {unknown}
 g - 2 potions of heal wounds {unknown}
 i - 2 potions of degeneration {unknown}


   Skills:
 + Level 4.4 Fighting
 + Level 5.2 Axes
 - Level 2.4 Dodging
 - Level 1.5 Stealth


You had 2 spell levels left.
You didn't know any spells.
Your spell library was empty.

Dungeon Overview and Level Annotations

Branches:
Dungeon (2/15)

Altars:

Annotations:
D:2 Sigmund


Message History

The magic dart hits you.
You closely miss something.
You hear some strange, mumbled words.
You are confused.
You slash something! Something hits you but does no damage.
You miss something. Something hits you but does no damage.
You're too confused to move!
Something hits you.
You hear some strange, mumbled words.
You are more confused.
You're too confused to move!
You hear some strange, mumbled words.
A puff of flame appears from out of thin air!
The puff of flame misses you.
You completely miss something. Something completely misses you.
Something misses you. Something hits you.
You hear some strange, mumbled words.
Something tries to affect you, but you resist.
Something hits you!
You die...

......................#
........##.####..######
.....#..# #.......+
......#.## #.####..+
...+#)#..#.####†##...##
...+ .. .#..........###
..............#
#.#.....{....##
#.......@....#
##...........#
#...........#
#.............#
#..###+##.#..... ...
#.#..... . #.#..... .#
....


There were no monsters in sight!

Vanquished Creatures
  An adder (D:2)
  A worm (D:2)
  A dart slug (D:1)
  A giant cockroach (D:1)
  6 jackals (D:1)
  4 bats (D:1)
  3 frilled lizards
  A goblin (D:1)
  4 kobolds (D:1)
  5 rats
27 creatures vanquished.

Notes
Turn   | Place    | Note
-------+----------+-------------------------------------------
     0 | D:1      | Kraken2834 the Hill Orc Monk began the quest for the Orb.
     0 | D:1      | Reached XP level 1. HP: 19/19 MP: 1/1
   115 | D:1      | Reached XP level 2. HP: 18/27 MP: 2/2
   867 | D:1      | Reached XP level 3. HP: 33/33 MP: 3/3
  1082 | D:2      | Reached skill level 5 in Axes
  1280 | D:2      | Noticed Sigmund
  1304 | D:2      | Slain by Sigmund

Illustrated notes

Levels and vault maps discovered:
D:1:      nicolae_arrival_memento_mori, layout_basic
D:2:      layout_basic, kennysheep_generic_room_6, uniq_sigmund

Skill      XL: |  1  2  3 |
---------------+----------+-----
Fighting       | 4 |  4.4
Axes           | 5 |  5.2
Dodging        | |  2.4
Stealth        | |  1.5

Action                   || total
-------------------------++-------
Melee: Hand axe          ||   100
Armor: Chain mail        ||    73
Dodge: Dodged            ||    39

Table legend: (Time is in decaauts)
 A = Elapsed time spent in this place.
 B = Non-inter-level travel time spent in this place.
 C = Inter-level travel time spent in this place.
 D = Time resting spent in this place.
 E = Time spent auto-exploring this place.
 F = Levels seen in this place.
 G = Mean time per level.
                   A        B        C        D        E       F      G
               +--------+--------+--------+--------+--------+-----+--------+
         Total |   1311 |   1267 |     44 |    159 |    871 |   2 |  655.5 |
       Dungeon |   1311 |   1267 |     44 |    159 |    871 |   2 |  655.5 |
               +--------+--------+--------+--------+--------+-----+--------+

Top non-repeatable levels by time:
     D:1: 1019 daAuts
     D:2: 292 daAuts
